 Dungeon Crawl Stone Soup version 0.26-a0-846-gcc8f1ee719 (webtiles) character file.

Game seed: 2839381435558515552

2438 robertstho the Schismatic (level 9, 0/63 HPs)
             Began as a Demonspawn Abyssal Knight on Nov 19, 2020.
             Was an Elder of Lugonu.
             Slain by an orc warrior
             ... wielding a +0 mace
              (16 damage)
             ... on level 8 of the Dungeon.
             The game lasted 00:13:04 (7260 turns).

robertstho the Schismatic (DsAK)                    Turns: 7260, Time: 00:13:06

Health: 0/63       AC: 13    Str: 16    XL:     9   Next: 25%
Magic:  0/14       EV:  5    Int: 13    God:    Lugonu [****..]
Gold:   365        SH:  0    Dex: 13    Spells: 8/8 levels left

rFire    + . .     SeeInvis +   d - +0 halberd
rCold    . . .     Faith    .   (shield currently unavailable)
rNeg     . . .     Spirit   +   B - +0 plate armour
rPois    .         Reflect  .   (helmet restricted)
rElec    .         Harm     .   (no cloak)
rCorr    .         Rampage  .   m - +0 pair of gloves
MR       +....                  (no boots)
Stlth    ..........             t - amulet of regeneration
HPRegen  0.60/turn              o - ring of protection from magic
MPRegen  0.28/turn              (no ring)

@: no status effects
A: claws 2, hooves 1, horns 1, see invisible, fire resistance 1, frail 1, magic
shield, magic regeneration
a: Depart the Abyss, Bend Space, Banish, Corrupt, Renounce Religion


You were on level 8 of the Dungeon.
You worshipped Lugonu.
Lugonu was greatly pleased with you.
You visited 1 branch of the dungeon, and saw 8 of its levels.
You visited the Abyss 1 time.

You collected 365 gold pieces.

Inventory:

Hand Weapons
 a - a +1 spear
 d - a +0 halberd (weapon)
 y - a +0 trident
Missiles
 e - 4 curare-tipped darts (quivered)
 j - 17 poisoned darts
Armour
 h - a +0 kite shield
 m - a +0 pair of gloves (worn)
 B - a +0 plate armour (worn)
Jewellery
 o - a ring of protection from magic (left hand)
 t - an amulet of regeneration (around neck)
 D - an uncursed ring of protection from magic
Wands
 n - a wand of flame (23)
 v - a wand of enslavement (7)
 E - a wand of digging (6)
Scrolls
 b - a scroll of magic mapping {unknown}
 c - 2 scrolls of blinking {unknown}
 f - a scroll of random uselessness {unknown}
 i - 6 scrolls of remove curse
 l - 4 scrolls of fear
 p - 2 scrolls of noise {unknown}
 q - 3 scrolls of teleportation
 r - 5 scrolls of enchant armour {unknown}
 u - a scroll of amnesia
 w - 4 scrolls of fog
Potions
 g - a potion of flight
 k - a potion of curing
 s - 2 potions of attraction
 x - 4 potions of cancellation


   Skills:
 * Level 6.5 Fighting
 + Level 6.6 Polearms
 + Level 0.1 Throwing
 * Level 5.8 Armour
 + Level 1.9 Dodging
 + Level 1.0 Stealth
 + Level 0.8 Shields
 * Level 7.1 Invocations


You had 8 spell levels left.
You didn't know any spells.
Your spell library was empty.

Dungeon Overview and Level Annotations

Branches:
Dungeon (8/15)             Temple (0/1) D:4
   Lair: D:8-11

Altars:
Ashenzari
Nemelex Xobeh
Okawaru
Ru
Sif Muna
Vehumet

Annotations:
D:3 1 runed translucent door, leviel's ghost, amateur GrMo


Innate Abilities, Weirdness & Mutations

You have very sharp fingernails.
You have a pair of small horns on your head.
Your flesh is heat resistant. (rF+)
When hurt, damage is shared between your health and your magic reserves.
You regenerate magic rapidly.
You have large cloven feet.
You have supernaturally acute eyesight. (SInv)
You are frail. (-10% HP)


Message History

The orc warrior hits you with a +0 mace!
* * * LOW HITPOINT WARNING * * *
You closely miss the orc warrior. Your kick misses the orc warrior.
Your headbutt misses the orc warrior.
The orc warrior is severely wounded.
The orc warrior barely misses you.
You hit the orc warrior but do no damage.
Your kick misses the orc warrior. You headbutt the orc warrior.
The orc warrior is almost dead.
The orc warrior hits you with a +0 mace!
* * * LOW HITPOINT WARNING * * *
You feel better. The orc warrior completely misses you.
Evoke which item? (* to show all) (? for menu, Esc to quit)
Aiming: Throw Flame
Press: ? - help, Shift-Dir - straight line, f - orc warrior
Aim: an orc warrior, wielding a +0 mace and wearing a +0 chain mail (almost dead)
The puff of flame hits the orc warrior but does no damage.
The orc warrior is almost dead.
The orc warrior hits you with a +0 mace!
You die...

......
.## #.#.#
....#....
#...#†###
#.......#
#...#.#†#
#. #<#.#
#.#o#
#.#@#
#.#...#
#.#.###
#.#.#
...## ###


You could see an orc warrior.

Vanquished Creatures
  Grinder (D:5)
  Sigmund (D:3)
  A sky beast (D:6)
  2 phantoms
  A black bear (D:7)
  2 ogres
  3 centaurs
  Blork the orc (D:6)
  A wyvern skeleton (D:6)
  A scorpion (D:6)
  3 howler monkeys
  A centaur zombie (D:6)
  A bullfrog zombie (D:5)
  A hound (D:4)
  2 bullfrog skeletons
  A jelly (D:5)
  2 orc priests
  A centaur skeleton (D:5)
  Terence (D:3)
  2 iguanas
  3 orc wizards (D:4)
  6 worker ants
  A statue (D:5)
  A killer bee zombie (D:7)
  A hound zombie (D:5)
  A hound skeleton (D:4)
  A howler monkey zombie (D:7)
  Robin (D:3)
  2 howler monkey skeletons
  8 gnolls
  A worker ant zombie (D:5)
  8 adders
  4 white imps
  2 ufetubi
  An ooze (D:5)
  2 adder skeletons
  A worm (D:4)
  6 dart slugs
  6 leopard geckos
  27 orcs
  2 ball pythons
  8 giant cockroaches
  13 goblins
  11 hobgoblins
  13 jackals
  5 quokkas
  7 bats
  8 frilled lizards
  5 kobolds
  A leopard gecko skeleton (D:4)
  A leopard gecko zombie (D:6)
  7 rats
193 creatures vanquished.

Vanquished Creatures (others)
  2 withered plants (D:3)
2 creatures vanquished.

Grand Total: 195 creatures vanquished

Notes
Turn   | Place    | Note
-------+----------+-------------------------------------------
     0 | Abyss:1  | robertstho the Demonspawn Abyssal Knight began the quest
                  | for the Orb.
     0 | Abyss:1  | Reached XP level 1. HP: 18/18 MP: 2/2
    35 | Abyss:1  | Found a corrupted altar of Lugonu.
    58 | Abyss:1  | Noticed a worldbinder
    59 | D:1      | Escaped the Abyss
   403 | D:1      | Gained mutation: You have sharp fingernails. [demonic
                  | ancestry]
   403 | D:1      | Reached XP level 2. HP: 24/24 MP: 3/3
   421 | D:1      | Reached * piety under Lugonu
   724 | D:2      | Gained mutation: You have a pair of small horns on your
                  | head. [demonic ancestry]
   724 | D:2      | Reached XP level 3. HP: 25/30 MP: 4/4
  1312 | D:2      | Found a sacrificial altar of Ru.
  1350 | D:2      | Reached skill level 1 in Dodging
  1386 | D:1      | Reached skill level 3 in Invocations
  1386 | D:1      | Gained mutation: You have very sharp fingernails. [demonic
                  | ancestry]
  1386 | D:1      | Reached XP level 4. HP: 8/37 MP: 4/6
  2103 | D:3      | Reached ** piety under Lugonu
  2106 | D:3      | Noticed Sigmund
  2135 | D:3      | Killed Sigmund
  2136 | D:3      | Reached skill level 1 in Stealth
  2136 | D:3      | Reached XP level 5. HP: 12/43 MP: 7/7
  2136 | D:3      | Gained mutation: When hurt, damage is shared between your
                  | health and your magic reserves. [demonic ancestry]
  2136 | D:3      | Reached XP level 6. HP: 13/49 MP: 8/8
  2400 | D:3      | Noticed Terence
  2411 | D:3      | Killed Terence
  2771 | D:3      | Noticed Robin
  2823 | D:3      | Killed Robin
  2829 | D:3      | Reached *** piety under Lugonu
  3010 | D:3      | Found a runed translucent door.
  3010 | D:3      | Noticed leviel's ghost (amateur GrMo)
  3024 | D:3      | Reached skill level 4 in Invocations
  3302 | D:3      | Found a sparkling altar of Nemelex Xobeh.
  3499 | D:3      | Found an iron altar of Okawaru.
  3817 | D:4      | Gained mutation: You regenerate magic rapidly. [demonic
                  | ancestry]
  3817 | D:4      | Reached XP level 7. HP: 44/55 MP: 8/10
  4511 | D:4      | Found a staircase to the Ecumenical Temple.
  4524 | D:4      | Reached skill level 5 in Fighting
  5218 | D:4      | Found a broken altar of Ashenzari.
  5283 | D:5      | Entered Level 5 of the Dungeon
  5514 | D:5      | Gained mutation: You are frail. (-10% HP) [potion of
                  | mutation]
  5514 | D:5      | Gained mutation: You have large cloven feet. [potion of
                  | mutation]
  5514 | D:5      | Gained mutation: You have supernaturally acute eyesight.
                  | (SInv) [potion of mutation]
  5514 | D:5      | HP: 2/50 [ogre/+0 giant club (15)]
  5519 | D:5      | HP: 2/50 [hound zombie (1)]
  5617 | D:5      | Reached **** piety under Lugonu
  5620 | D:5      | Reached skill level 5 in Armour
  5684 | D:5      | Reached skill level 5 in Invocations
  5705 | D:5      | Found a radiant altar of Vehumet.
  5848 | D:5      | Gained mutation: Your flesh is heat resistant. (rF+)
                  | [demonic ancestry]
  5848 | D:5      | Reached XP level 8. HP: 53/55 MP: 11/11
  5857 | D:5      | Noticed Grinder
  5863 | D:5      | Paralysed by Grinder for 2 turns
  5872 | D:5      | Killed Grinder
  6045 | D:6      | Reached skill level 5 in Polearms
  6045 | D:6      | Reached skill level 6 in Invocations
  6435 | D:6      | Noticed Blork the orc
  6447 | D:6      | Killed Blork the orc
  6457 | D:6      | Found a shimmering blue altar of Sif Muna.
  6600 | D:7      | Reached XP level 9. HP: 45/63 MP: 11/13
  6604 | D:7      | Reached skill level 7 in Invocations
  7260 | D:8      | Slain by an orc warrior

Illustrated notes

Levels and vault maps discovered:
D:1:      dpeg_arrival_tiny_k, layout_rooms, serial_aquarium,
          aquarium_bridge_square [aquarium_subvault_wall,
          aquarium_subvault_bridge, aquarium_subvault_wall,
          aquarium_subvault_bridge], aquarium_window_fake,
          aquarium_window_corridor_3, aquarium_view_2b, aquarium_pool_1
D:2:      cheibrodos_helix_gallery, layout_basic, nicolae_ru_awakened_eye
D:3:      layout_basic, lemuel_coloured_pillars_altar, nemelex_altar_shiori,
          gammafunk_ghost_grave, uniq_sigmund, uniq_terence, uniq_robin
D:4:      layout_loops_cross, kennysheep_mini_moat, minmay_temple_entry_glass
D:5:      layout_rooms, vehumet_statue, uniq_grinder
D:6:      layout_rooms, tgw_sif
D:7:      layout_cave_pools, minmay_crossroads
D:8:      layout_basic, kennysheep_mini, cheibriados_altar_1,
          gammafunk_temple_overflow_forgotten, gammafunk_temple_overflow_statue,
          serial_shops, shop, shop_coins, nicolae_shop_crystal,
          nicolae_ossuary_entry_monument

Skill      XL: |  1  2  3  4  5  6  7  8  9 |
---------------+----------------------------+-----
Armour         | 2 3 4 5 |  5.8
Polearms       | 2 3 4 6 |  6.6
Dodging        | 1 |  1.9
Invocations    | 3 4 5 6 7 |  7.1
Fighting       | 4 5 6 |  6.5
Stealth        | 1 |  1.0
Throwing       | |  0.1
Shields        | |  0.8

Action                   |  1- 3 |  4- 6 |  7- 9 || total
-------------------------+-------+-------+-------++-------
Melee: Spear             |   136 |    64 |       ||   200
       Headbutt          |    11 |    44 |    67 ||   122
       Halberd           |       |   212 |   437 ||   649
       Kick              |       |       |    53 ||    53
Throw: Dart              |       |       |     4 ||     4
Invok: Depart the Abyss  |     1 |       |       ||     1
Evoke: Wand              |       |       |     1 ||     1
  Use: Potion            |       |     4 |     6 ||    10
       Scroll            |       |       |    12 ||    12
 Stab: Invisible         |       |       |     1 ||     1
Armor: Leather armour    |     6 |       |       ||     6
       Chain mail        |    72 |   236 |   249 ||   557
       Plate armour      |       |       |    92 ||    92
Dodge: Dodged            |    23 |   103 |   169 ||   295
Block: Kite shield       |    31 |    12 |       ||    43

Table legend: (Time is in decaauts)
 A = Elapsed time spent in this place.
 B = Non-inter-level travel time spent in this place.
 C = Inter-level travel time spent in this place.
 D = Time resting spent in this place.
 E = Time spent auto-exploring this place.
 F = Levels seen in this place.
 G = Mean time per level.
                   A        B        C        D        E       F      G
               +--------+--------+--------+--------+--------+-----+--------+
         Total |   7490 |   7222 |    268 |    967 |   4529 |   9 |  832.2 |
       Dungeon |   7431 |   7163 |    268 |    967 |   4475 |   8 |  928.9 |
         Abyss |     59 |     59 |      0 |      0 |     54 |   1 |   59.0 |
               +--------+--------+--------+--------+--------+-----+--------+

Top non-repeatable levels by time:
     D:4: 2080 daAuts
     D:2: 1311 daAuts
     D:3: 1286 daAuts
     D:1: 961 daAuts
     D:7: 697 daAuts
     D:6: 583 daAuts
     D:5: 479 daAuts
 Abyss:1: 59 daAuts
     D:8: 32 daAuts
